[ AOE2 MATCH · #482905280 ]
UnrankedMaya vs Khmer
[ REPLAY ANALYSIS · EXTRACTED FROM THE RECORDED GAME ]
Feudal
11:44
Castle
17:44
Imperial
35:58
| APM avg | 25.1 |
| APM peak | 47 |
| eAPM avg | 12.6 |
| Villagers / military | 132 / 85 |
Focus
⚔️ 27.9% · 🌾 72.1%
Spearman ×55 · Plumed Archer ×17 · Mangonel ×7 · Eagle Scout ×3 · Trebuchet (Packed) ×2 · Archer ×1
Feudal
8:13
Castle
19:32
Imperial
37:06
| APM avg | 40.8 |
| APM peak | 83 |
| eAPM avg | 15.7 |
| Villagers / military | 163 / 145 |
Focus
⚔️ 29.4% · 🌾 70.6%
Scout Cavalry ×135 · Trebuchet (Packed) ×9 · Ballista Elephant ×1
Feudal
9:31
Castle
23:32
Imperial
41:52
| APM avg | 41.3 |
| APM peak | 87 |
| eAPM avg | 20.4 |
| Villagers / military | 109 / 113 |
Focus
⚔️ 29.4% · 🌾 70.6%
Archer ×113
Feudal
12:05
Castle
22:29
Imperial
36:28
| APM avg | 18.0 |
| APM peak | 58 |
| eAPM avg | 9.4 |
| Villagers / military | 125 / 57 |
Focus
⚔️ 19.8% · 🌾 80.2%
Steppe Lancer ×42 · Iron Pagoda ×8 · Spearman ×4 · Trebuchet (Packed) ×3
Match map
Initial resources + every placement click. Lines = walls · curves = elevation contours. ◆ gold · ⬟ stone · ● berries · ✦ relic · ◌ wall gap
Your base· ✓ Closed at 17:44 · 0t walls · 2 gate(s)
Fatal's base· ✓ Closed at 19:32 · 0t walls · 1 gate(s)
Doorbell's base· ✓ Closed at 23:32 · 0t walls · 1 gate(s)
Blijadmann's base· ✓ Closed at 22:29 · 1t walls · 2 gate(s)
Smoothed initial terrain · ◌ = detected wall gap · hover for details
Inputs per minute
— 15. - - Fatal
Build order — 15.
First 150 of 334 actions detected
| 0:00 | Create | Villager (Male) |
| 0:01 | Create | Villager (Male) |
| 0:01 | Create | Villager (Male) |
| 0:02 | Build | House |
| 0:05 | Build | House |
| 1:34 | Create | Villager (Male) |
| 1:45 | Build | Lumber Camp |
| 2:05 | Create | Villager (Male) |
| 2:06 | Create | Villager (Male) |
| 3:31 | Create | Villager (Male) |
| 3:31 | Create | Villager (Male) |
| 3:52 | Create | Villager (Male) |
| 4:29 | Build | House |
| 4:44 | Create | Villager (Male) |
| 4:50 | Build | Mill |
| 5:21 | Create | Villager (Male) |
| 5:41 | Create | Villager (Male) |
| 6:13 | Create | Villager (Male) |
| 6:19 | Create | Villager (Male) |
| 7:04 | Create | Villager (Male) |
| 7:04 | Create | Villager (Male) |
| 7:11 | Build | House |
| 7:16 | Research | Loom |
| 7:50 | Create | Villager (Male) |
| 7:51 | Create | Villager (Male) |
| 8:23 | Build | Mining Camp |
| 8:25 | Create | Villager (Male) |
| 8:25 | Create | Villager (Male) |
| 9:10 | Research | Feudal Age |
| 9:12 | Build | Mining Camp |
| 10:12 | Build | House |
| 10:49 | Build | Barracks |
| 11:18 | Create | Villager (Male) |
| 11:19 | Create | Villager (Male) |
| 11:36 | Build | Palisade Gate |
| 11:44 | Age | Feudal Age |
| 11:50 | Build | Archery Range |
| 11:56 | Build | House |
| 12:25 | Create | Villager (Male) |
| 12:43 | Build | Farm |
| 12:45 | Build | Farm |
| 13:06 | Build | Farm |
| 13:28 | Build | Gate |
| 13:49 | Create | Villager (Male) |
| 13:50 | Create | Villager (Male) |
| 13:59 | Build | Blacksmith |
| 14:34 | Create | Villager (Male) |
| 14:34 | Create | Villager (Male) |
| 14:50 | Research | Castle Age |
| 15:05 | Create | Archer |
| 15:10 | Create | Villager (Male) |
| 15:13 | Build | Farm |
| 15:36 | Build | Farm |
| 15:51 | Create | Villager (Male) |
| 15:57 | Research | Double-Bit Axe |
| 16:28 | Create | Villager (Male) |
| 17:11 | Create | Villager (Male) |
| 17:24 | Build | House |
| 17:26 | Build | House |
| 17:44 | Age | Castle Age |
| 17:53 | Build | Castle |
| 18:05 | Create | Villager (Male) |
| 18:06 | Create | Villager (Male) |
| 18:30 | Create | Villager (Male) |
| 18:52 | Build | House |
| 19:00 | Build | Farm |
| 19:11 | Create | Villager (Male) |
| 19:24 | Build | Farm |
| 19:26 | Build | Farm |
| 19:29 | Build | Farm |
| 19:44 | Create | Plumed Archer |
| 19:44 | Create | Plumed Archer |
| 19:45 | Create | Plumed Archer |
| 19:54 | Build | Mill |
| 20:08 | Build | Town Center |
| 20:16 | Create | Plumed Archer |
| 20:16 | Create | Plumed Archer |
| 20:28 | Build | Farm |
| 20:29 | Build | Farm |
| 20:34 | Build | Farm |
| 20:40 | Research | Fletching |
| 20:45 | Create | Plumed Archer |
| 20:45 | Create | Plumed Archer |
| 21:11 | Create | Villager (Male) |
| 21:12 | Create | Villager (Male) |
| 21:20 | Create | Plumed Archer |
| 21:20 | Create | Plumed Archer |
| 21:26 | Create | Villager (Male) |
| 21:33 | Build | Farm |
| 21:35 | Build | Farm |
| 21:41 | Build | Farm |
| 21:42 | Create | Villager (Male) |
| 21:43 | Create | Villager (Male) |
| 21:49 | Create | Plumed Archer |
| 21:52 | Create | Villager (Male) |
| 22:04 | Create | Villager (Male) |
| 22:10 | Build | Farm |
| 22:13 | Create | Villager (Male) |
| 22:17 | Create | Villager (Male) |
| 22:25 | Build | Farm |
| 22:26 | Build | Farm |
| 22:44 | Create | Plumed Archer |
| 22:44 | Create | Plumed Archer |
| 22:46 | Create | Villager (Male) |
| 22:48 | Create | Villager (Male) |
| 23:07 | Research | Bodkin Arrow |
| 23:08 | Create | Villager (Male) |
| 23:19 | Create | Villager (Male) |
| 23:20 | Create | Villager (Male) |
| 24:03 | Create | Villager (Male) |
| 24:03 | Create | Villager (Male) |
| 24:04 | Create | Villager (Male) |
| 24:11 | Build | Town Center |
| 24:14 | Create | Plumed Archer |
| 24:15 | Create | Plumed Archer |
| 24:15 | Create | Plumed Archer |
| 24:21 | Build | House |
| 24:46 | Create | Plumed Archer |
| 24:46 | Create | Plumed Archer |
| 24:49 | Create | Villager (Male) |
| 24:49 | Create | Villager (Male) |
| 24:55 | Build | House |
| 25:09 | Create | Villager (Male) |
| 25:23 | Build | Farm |
| 25:26 | Build | Farm |
| 25:28 | Build | Farm |
| 25:36 | Create | Villager (Male) |
| 25:37 | Create | Villager (Male) |
| 25:38 | Create | Villager (Male) |
| 25:51 | Create | Villager (Male) |
| 26:41 | Build | Siege Workshop |
| 26:41 | Create | Villager (Male) |
| 26:42 | Create | Villager (Male) |
| 26:42 | Create | Villager (Male) |
| 26:42 | Create | Villager (Male) |
| 26:53 | Build | Farm |
| 26:54 | Build | Farm |
| 26:56 | Build | Farm |
| 26:57 | Build | Farm |
| 26:59 | Build | Farm |
| 27:00 | Build | Farm |
| 27:03 | Build | Farm |
| 27:12 | Create | Villager (Male) |
| 27:25 | Build | House |
| 27:26 | Create | Mangonel |
| 27:30 | Create | Villager (Male) |
| 27:30 | Create | Villager (Male) |
| 27:40 | Build | Mill |
| 27:46 | Build | Farm |
| 27:47 | Build | Farm |
Build order — Fatal
First 150 of 413 actions detected
| 0:00 | Create | Villager (Male) |
| 0:01 | Create | Villager (Male) |
| 0:01 | Create | Villager (Male) |
| 0:02 | Build | House |
| 0:05 | Build | House |
| 0:32 | Create | Villager (Male) |
| 1:35 | Create | Villager (Male) |
| 1:35 | Create | Villager (Male) |
| 2:10 | Create | Villager (Male) |
| 2:23 | Create | Villager (Male) |
| 3:01 | Create | Villager (Male) |
| 3:18 | Create | Villager (Male) |
| 3:18 | Create | Villager (Male) |
| 3:53 | Create | Villager (Male) |
| 4:00 | Build | House |
| 4:22 | Create | Villager (Male) |
| 5:22 | Create | Villager (Male) |
| 6:03 | Research | Feudal Age |
| 6:03 | Research | Feudal Age |
| 6:29 | Build | Lumber Camp |
| 6:38 | Create | Villager (Male) |
| 7:20 | Create | Villager (Male) |
| 8:13 | Age | Feudal Age |
| 8:15 | Build | Stable |
| 8:19 | Build | House |
| 8:21 | Create | Villager (Male) |
| 8:33 | Build | Farm |
| 8:35 | Build | Farm |
| 8:48 | Build | House |
| 9:12 | Build | Mill |
| 9:14 | Create | Villager (Male) |
| 9:18 | Create | Scout Cavalry |
| 9:42 | Create | Scout Cavalry |
| 10:10 | Build | Farm |
| 10:16 | Build | Farm |
| 10:19 | Create | Villager (Male) |
| 10:20 | Create | Villager (Male) |
| 10:44 | Build | Farm |
| 10:49 | Build | Farm |
| 10:57 | Build | Farm |
| 10:58 | Create | Villager (Male) |
| 11:06 | Create | Scout Cavalry |
| 11:30 | Create | Villager (Male) |
| 11:32 | Create | Scout Cavalry |
| 11:40 | Build | Mining Camp |
| 11:48 | Create | Villager (Male) |
| 12:04 | Create | Villager (Male) |
| 12:32 | Build | House |
| 12:34 | Research | Double-Bit Axe |
| 12:36 | Build | House |
| 12:38 | Build | House |
| 12:52 | Research | Horse Collar |
| 13:06 | Create | Villager (Male) |
| 13:47 | Create | Villager (Male) |
| 14:10 | Build | Farm |
| 14:13 | Build | Farm |
| 14:15 | Build | Farm |
| 14:31 | Create | Villager (Male) |
| 14:31 | Create | Villager (Male) |
| 14:55 | Build | Blacksmith |
| 15:05 | Build | Blacksmith |
| 15:17 | Create | Villager (Male) |
| 15:26 | Build | Farm |
| 15:31 | Build | Farm |
| 15:40 | Build | House |
| 15:48 | Create | Villager (Male) |
| 16:14 | Create | Villager (Male) |
| 16:18 | Build | Farm |
| 16:22 | Build | Farm |
| 16:35 | Build | House |
| 16:45 | Build | Palisade Gate |
| 16:49 | Create | Villager (Male) |
| 16:52 | Research | Castle Age |
| 16:55 | Research | Loom |
| 17:09 | Research | Bloodlines |
| 18:02 | Create | Villager (Male) |
| 18:20 | Create | Villager (Male) |
| 18:35 | Build | Farm |
| 18:39 | Create | Scout Cavalry |
| 18:39 | Create | Scout Cavalry |
| 19:08 | Create | Villager (Male) |
| 19:32 | Age | Castle Age |
| 19:35 | Create | Villager (Male) |
| 19:35 | Create | Villager (Male) |
| 20:35 | Build | Town Center |
| 22:04 | Create | Villager (Male) |
| 22:05 | Create | Villager (Male) |
| 22:13 | Create | Villager (Male) |
| 22:13 | Create | Villager (Male) |
| 22:22 | Research | Scale Barding Armor |
| 22:24 | Research | Forging |
| 22:28 | Build | Lumber Camp |
| 22:40 | Create | Villager (Male) |
| 22:41 | Create | Villager (Male) |
| 22:49 | Build | Mining Camp |
| 22:51 | Create | Villager (Male) |
| 22:51 | Create | Villager (Male) |
| 23:46 | Create | Villager (Male) |
| 23:47 | Create | Villager (Male) |
| 23:47 | Create | Villager (Male) |
| 23:47 | Create | Villager (Male) |
| 23:51 | Research | Chain Barding Armor |
| 23:53 | Create | Villager (Male) |
| 23:53 | Create | Villager (Male) |
| 24:01 | Build | Town Center |
| 24:06 | Create | Villager (Male) |
| 24:06 | Create | Villager (Male) |
| 24:28 | Create | Scout Cavalry |
| 24:28 | Create | Scout Cavalry |
| 24:36 | Research | Light Cavalry (upgrade) |
| 24:37 | Research | Husbandry |
| 25:14 | Create | Villager (Male) |
| 25:16 | Create | Villager (Male) |
| 25:16 | Create | Villager (Male) |
| 25:16 | Create | Villager (Male) |
| 25:22 | Research | Iron Casting |
| 25:28 | Create | Villager (Male) |
| 25:28 | Create | Villager (Male) |
| 25:28 | Create | Villager (Male) |
| 25:32 | Research | Wheelbarrow |
| 26:16 | Create | Villager (Male) |
| 26:16 | Create | Villager (Male) |
| 26:21 | Build | House |
| 26:22 | Build | House |
| 26:22 | Build | House |
| 26:23 | Build | House |
| 26:24 | Build | House |
| 26:24 | Build | House |
| 26:25 | Build | House |
| 26:28 | Create | Villager (Male) |
| 26:28 | Create | Villager (Male) |
| 26:32 | Research | Bow Saw |
| 26:42 | Build | Farm |
| 26:42 | Build | Farm |
| 26:43 | Build | Farm |
| 26:44 | Build | Farm |
| 26:44 | Build | Farm |
| 26:45 | Build | Farm |
| 26:50 | Build | Farm |
| 26:51 | Build | Farm |
| 26:51 | Build | Farm |
| 26:52 | Build | Farm |
| 26:56 | Create | Villager (Male) |
| 26:56 | Create | Villager (Male) |
| 27:08 | Create | Villager (Male) |
| 27:24 | Build | Castle |
| 27:25 | Build | Mining Camp |
| 27:32 | Create | Villager (Male) |
| 27:32 | Create | Villager (Male) |
| 27:33 | Create | Villager (Male) |
Build order — Doorbell
First 150 of 263 actions detected
| 0:01 | Create | Villager (Male) ×4 |
| 0:02 | Build | House |
| 0:03 | Build | House |
| 1:38 | Create | Villager (Male) |
| 1:38 | Create | Villager (Male) |
| 2:02 | Build | Lumber Camp |
| 2:04 | Create | Villager (Male) |
| 2:04 | Create | Villager (Male) |
| 2:26 | Create | Villager (Male) |
| 2:26 | Create | Villager (Male) |
| 3:05 | Create | Villager (Male) |
| 3:05 | Create | Villager (Male) |
| 3:37 | Create | Villager (Male) |
| 3:38 | Create | Villager (Male) |
| 3:49 | Build | House |
| 4:43 | Create | Villager (Male) |
| 4:43 | Create | Villager (Male) |
| 4:44 | Create | Villager (Male) |
| 4:44 | Create | Villager (Male) |
| 5:44 | Build | Mining Camp |
| 6:33 | Create | Villager (Male) |
| 7:04 | Create | Villager (Male) |
| 7:15 | Create | Villager (Male) |
| 7:21 | Research | Feudal Age |
| 7:53 | Research | Loom |
| 8:38 | Build | House |
| 9:16 | Build | Barracks |
| 9:31 | Age | Feudal Age |
| 9:32 | Create | Villager (Male) |
| 10:06 | Build | Archery Range |
| 10:25 | Build | Blacksmith |
| 10:27 | Create | Villager (Male) |
| 10:36 | Research | Double-Bit Axe |
| 11:00 | Research | Forging |
| 11:01 | Research | Forging |
| 11:07 | Build | House |
| 11:08 | Build | House |
| 11:17 | Build | Mill |
| 11:19 | Create | Villager (Male) |
| 11:20 | Create | Villager (Male) |
| 11:50 | Build | Archery Range |
| 11:56 | Research | Fletching |
| 12:03 | Create | Villager (Male) |
| 12:14 | Create | Villager (Male) |
| 12:56 | Create | Archer |
| 12:57 | Create | Archer |
| 12:57 | Create | Archer |
| 12:57 | Create | Archer |
| 12:57 | Create | Archer |
| 13:03 | Create | Villager (Male) |
| 13:26 | Create | Villager (Male) |
| 13:31 | Build | Farm |
| 13:48 | Build | Gate |
| 13:56 | Create | Archer |
| 13:57 | Create | Archer |
| 14:02 | Build | House |
| 14:03 | Build | House |
| 14:17 | Build | House |
| 14:24 | Create | Archer |
| 14:28 | Create | Villager (Male) |
| 14:53 | Build | Farm |
| 14:56 | Build | Farm |
| 14:57 | Create | Villager (Male) |
| 15:02 | Create | Archer |
| 15:03 | Create | Archer |
| 15:03 | Create | Archer |
| 15:08 | Build | Farm |
| 15:38 | Create | Villager (Male) |
| 15:38 | Create | Villager (Male) |
| 16:07 | Create | Villager (Male) |
| 16:10 | Create | Archer |
| 16:10 | Create | Archer |
| 16:11 | Create | Archer |
| 16:42 | Build | Farm |
| 16:45 | Create | Villager (Male) |
| 17:20 | Build | House |
| 17:38 | Build | House |
| 17:42 | Build | House |
| 17:48 | Create | Villager (Male) |
| 18:02 | Create | Archer |
| 18:03 | Create | Archer |
| 18:30 | Build | Farm |
| 18:31 | Create | Villager (Male) |
| 18:33 | Build | Farm |
| 18:38 | Create | Villager (Male) |
| 18:41 | Build | Farm |
| 19:36 | Create | Villager (Male) |
| 19:45 | Build | Market |
| 19:50 | Create | Villager (Male) |
| 20:30 | Create | Archer |
| 20:31 | Create | Archer |
| 20:36 | Build | House |
| 20:37 | Build | House |
| 20:38 | Build | House |
| 20:52 | Research | Castle Age |
| 21:29 | Create | Archer |
| 21:29 | Create | Archer |
| 21:30 | Create | Archer |
| 21:30 | Create | Archer |
| 21:31 | Create | Archer |
| 21:55 | Create | Archer |
| 22:12 | Build | House |
| 22:13 | Build | House |
| 22:14 | Build | House |
| 22:15 | Build | House |
| 22:27 | Build | Farm |
| 22:43 | Create | Archer |
| 22:43 | Create | Archer |
| 22:43 | Create | Archer |
| 23:16 | Build | Farm |
| 23:16 | Build | Farm |
| 23:17 | Build | Farm |
| 23:17 | Build | Farm |
| 23:19 | Build | Farm |
| 23:32 | Age | Castle Age |
| 23:38 | Research | Crossbowman (upgrade) |
| 23:42 | Research | Bodkin Arrow |
| 23:56 | Build | Farm |
| 23:58 | Create | Villager (Male) |
| 23:59 | Create | Villager (Male) |
| 24:00 | Build | Farm |
| 24:07 | Research | Padded Archer Armor |
| 24:08 | Build | Farm |
| 24:24 | Build | Farm |
| 24:49 | Create | Archer |
| 24:50 | Create | Archer |
| 24:50 | Create | Archer |
| 25:21 | Create | Archer ×5 |
| 25:33 | Build | Town Center |
| 25:47 | Research | Bow Saw |
| 26:02 | Build | University |
| 26:28 | Create | Villager (Male) |
| 26:28 | Create | Villager (Male) |
| 26:29 | Create | Villager (Male) |
| 26:43 | Create | Archer |
| 26:43 | Create | Archer |
| 26:43 | Create | Archer |
| 27:08 | Research | Ballistics |
| 27:18 | Create | Villager (Male) |
| 27:18 | Create | Villager (Male) |
| 27:32 | Research | Leather Archer Armor |
| 27:39 | Create | Archer |
| 27:40 | Create | Archer |
| 27:44 | Research | Thumb Ring |
| 27:53 | Create | Villager (Male) |
| 27:53 | Create | Villager (Male) |
| 27:56 | Research | Gold Mining |
| 28:23 | Build | Town Center |
| 29:22 | Create | Archer |
| 29:22 | Create | Archer |
Build order — Blijadmann
First 150 of 244 actions detected
| 0:01 | Create | Villager (Male) ×4 |
| 0:05 | Build | House |
| 0:08 | Build | House |
| 1:34 | Create | Villager (Male) |
| 2:08 | Create | Villager (Male) ×2 |
| 2:32 | Build | Lumber Camp |
| 2:40 | Build | House |
| 3:22 | Create | Villager (Male) |
| 3:22 | Create | Villager (Male) |
| 3:22 | Create | Villager (Male) |
| 4:29 | Create | Villager (Male) |
| 4:29 | Create | Villager (Male) |
| 4:30 | Create | Villager (Male) |
| 6:03 | Create | Villager (Male) ×5 |
| 6:04 | Create | Villager (Male) ×5 |
| 7:04 | Build | Mill |
| 7:16 | Build | House |
| 7:24 | Research | Loom |
| 7:26 | Create | Villager (Male) |
| 7:26 | Create | Villager (Male) |
| 8:39 | Create | Villager (Male) |
| 8:52 | Build | Barracks |
| 8:57 | Build | House |
| 8:58 | Build | House |
| 8:59 | Build | House |
| 9:05 | Create | Villager (Male) |
| 9:11 | Build | House |
| 9:16 | Build | Mining Camp |
| 9:28 | Create | Villager (Male) |
| 9:50 | Research | Feudal Age |
| 10:57 | Create | Villager (Male) |
| 10:57 | Create | Villager (Male) |
| 10:57 | Create | Villager (Male) |
| 11:03 | Create | Villager (Male) |
| 11:21 | Build | House |
| 11:25 | Build | House |
| 11:29 | Build | House |
| 12:05 | Age | Feudal Age |
| 12:35 | Build | Stone Wall |
| 12:45 | Build | Gate |
| 13:56 | Create | Villager (Male) |
| 13:56 | Create | Villager (Male) |
| 13:57 | Create | Villager (Male) |
| 13:57 | Create | Villager (Male) |
| 14:23 | Build | House |
| 14:30 | Build | House |
| 14:31 | Build | House |
| 14:33 | Build | House |
| 14:34 | Build | House |
| 14:55 | Build | Pasture |
| 14:56 | Build | Pasture |
| 15:20 | Build | Pasture |
| 15:20 | Build | Pasture |
| 15:21 | Build | Pasture |
| 15:22 | Build | Pasture |
| 15:35 | Create | Villager (Male) |
| 15:36 | Create | Villager (Male) |
| 16:18 | Create | Spearman |
| 16:19 | Create | Spearman |
| 16:29 | Create | Spearman |
| 16:29 | Create | Spearman |
| 16:33 | Create | Villager (Male) |
| 16:33 | Create | Villager (Male) |
| 16:43 | Build | Pasture |
| 16:43 | Build | Pasture |
| 16:48 | Build | Pasture |
| 18:03 | Create | Villager (Male) |
| 18:04 | Create | Villager (Male) |
| 18:04 | Create | Villager (Male) |
| 18:04 | Create | Villager (Male) |
| 18:20 | Build | Market |
| 18:32 | Build | Stable |
| 18:47 | Research | Double-Bit Axe |
| 18:50 | Research | Tech 1014 |
| 18:54 | Research | Gold Mining |
| 18:59 | Create | Villager (Male) |
| 19:09 | Create | Villager (Male) |
| 19:45 | Research | Castle Age |
| 20:33 | Build | Gate |
| 21:01 | Build | Mining Camp |
| 21:33 | Research | Stone Mining |
| 21:51 | Create | Villager (Male) |
| 21:51 | Create | Villager (Male) |
| 21:52 | Create | Villager (Male) |
| 21:52 | Create | Villager (Male) |
| 22:29 | Age | Castle Age |
| 23:30 | Build | Archery Range |
| 23:50 | Build | Town Center |
| 24:23 | Create | Villager (Male) |
| 24:23 | Create | Villager (Male) |
| 24:23 | Create | Villager (Male) |
| 24:24 | Create | Villager (Male) |
| 25:07 | Create | Villager (Male) |
| 25:21 | Build | Castle |
| 25:29 | Research | Stone Shaft Mining |
| 25:38 | Create | Villager (Male) |
| 25:39 | Create | Villager (Male) |
| 25:39 | Create | Villager (Male) |
| 25:39 | Create | Villager (Male) |
| 25:57 | Build | Pasture |
| 26:03 | Build | Pasture |
| 26:14 | Research | Bow Saw |
| 26:23 | Build | Lumber Camp |
| 27:04 | Create | Villager (Male) |
| 27:04 | Create | Villager (Male) |
| 27:04 | Create | Villager (Male) |
| 27:05 | Create | Villager (Male) |
| 27:06 | Create | Villager (Male) |
| 27:06 | Create | Villager (Male) |
| 27:06 | Create | Villager (Male) |
| 27:58 | Build | Town Center |
| 28:36 | Create | Villager (Male) |
| 28:36 | Create | Villager (Male) |
| 28:36 | Create | Villager (Male) |
| 28:36 | Create | Villager (Male) |
| 28:37 | Create | Villager (Male) |
| 28:38 | Create | Villager (Male) |
| 28:38 | Create | Villager (Male) |
| 28:38 | Create | Villager (Male) |
| 28:45 | Research | Tech 1013 |
| 28:52 | Create | Villager (Male) |
| 28:52 | Create | Villager (Male) |
| 28:52 | Create | Villager (Male) |
| 28:52 | Create | Villager (Male) |
| 28:53 | Create | Villager (Male) |
| 30:11 | Build | Pasture |
| 30:12 | Build | Pasture |
| 30:13 | Build | Pasture |
| 30:13 | Build | Pasture |
| 30:14 | Build | Pasture |
| 30:34 | Create | Villager (Male) |
| 30:34 | Create | Villager (Male) |
| 30:36 | Create | Villager (Male) |
| 30:36 | Create | Villager (Male) |
| 30:36 | Create | Villager (Male) |
| 30:36 | Create | Villager (Male) |
| 30:38 | Create | Villager (Male) |
| 30:39 | Create | Villager (Male) |
| 30:39 | Create | Villager (Male) |
| 30:41 | Create | Villager (Male) |
| 30:41 | Create | Villager (Male) |
| 30:41 | Create | Villager (Male) |
| 30:42 | Create | Villager (Male) |
| 30:43 | Create | Villager (Male) |
| 31:17 | Build | Stable |
| 31:20 | Build | Stable |
| 31:22 | Build | Stable |
| 31:25 | Build | Stable |
| 32:29 | Build | Castle |
| 33:00 | Build | Blacksmith |
Match timeline
| 8:13 | Fatal · age_up feudal |
| 8:15 | Fatal · first_building Stable |
| 8:52 | Blijadmann · first_building Barracks |
| 9:16 | Doorbell · first_building Barracks |
| 9:31 | Doorbell · age_up feudal |
| 10:06 | Doorbell · first_building Archery Range |
| 10:49 | 15. · first_building Barracks |
| 11:44 | 15. · age_up feudal |
| 11:50 | 15. · first_building Archery Range |
| 12:05 | Blijadmann · age_up feudal |
| 12:35 | Blijadmann · wall_segment Stone Wall x1 |
| 17:44 | 15. · age_up castle |
| 17:53 | 15. · first_building Castle |
| 18:32 | Blijadmann · first_building Stable |
| 19:32 | Fatal · age_up castle |
| 20:47 | Doorbell · first_market_sell 100 stone |
| 20:51 | Doorbell · first_market_buy 100 food |
| 22:29 | Blijadmann · age_up castle |
| 23:30 | Blijadmann · first_building Archery Range |
| 23:32 | Doorbell · age_up castle |
| 25:21 | Blijadmann · first_building Castle |
| 25:49 | Blijadmann · first_market_sell 100 food |
| 25:53 | Blijadmann · first_market_buy 100 wood |
| 26:41 | 15. · first_building Siege Workshop |
| 27:24 | Fatal · first_building Castle |
| 32:27 | 15. · first_market_sell 100 food |
| 33:39 | Blijadmann · first_building Siege Workshop |
| 35:58 | 15. · age_up imperial |
| 36:28 | Blijadmann · age_up imperial |
| 37:06 | Fatal · age_up imperial |
| 37:13 | Doorbell · first_building Monastery |
| 40:11 | Doorbell · first_building Castle |
| 41:01 | Doorbell · first_building Stable |
| 41:52 | Doorbell · age_up imperial |
| 44:49 | 15. · resign |
[ AI ANALYSIS · 1 CREDIT ]
What really happened in this match?
Wolo.gg analyzes every decision: build order, eco, micro, common mistakes by bracket. Personalized analysis on WhatsApp or Discord in 30 seconds.
Civ guide
Maya
Perfil
Jugador #8976549